 Dungeon Sprint DCSS version 0.17-a0-1718-g72dbe4d (webtiles) character file.

2235 Kidiri the Covert (level 9, -49/39 HPs)
             Began as a Spriggan Enchanter on Aug 25, 2015.
             Was a Believer of Dithmenos.
             Killed from afar by a crystal guardian (55 damage)
             ... with a crystal bolt
             ... in the Dungeon (Sprint II: "The Violet Keep of Menkaure").
             The game lasted 00:09:10 (993 turns).

Kidiri the Covert (Spriggan Enchanter)               Turns: 993, Time: 00:09:10

Health: -49/39     AC:  5    Str:  4    XL:     9   Next: 14%
Magic:  14/25      EV: 30    Int: 18    God:    Dithmenos [**....]
Gold:   128        SH:  0    Dex: 18    Spells: 8 memorised, 3 levels left

rFire  . . .     SeeInvis +     a - +1 dagger
rCold  . . .     Clarity  .     b - +1 robe
rNeg   . . .     SustAt   .     (shield restricted)
rPois  .         Gourm    .     l - +2 hat
rElec  .         Spirit   .     (no cloak)
rCorr  .         Warding  .     (gloves unavailable)
rMut   .         NoTele   +     (boots unavailable)
MR     +....                    (no amulet)
Stlth  ++++++++..               (no ring)
                                (no ring)

@: very slightly contaminated, wreathed by umbra, invisible, very quick,
somewhat resistant to hostile enchantments, extraordinarily stealthy
A: unfitting armour, see invisible, herbivore 3, speed 3, slow metabolism 2
a: Shadow Step, Renounce Religion


You were in the Dungeon.
You worshipped Dithmenos.
Dithmenos was pleased with you.
You were not hungry.

You visited 1 branch You collected 1053 gold pieces.
You spent 925 gold pieces at shops.

Inventory:

Hand weapons
 a - a +1 dagger (weapon)
Missiles
 f - a throwing net (quivered)
Armour
 b - a +1 robe (worn)
 l - a +2 hat (worn)
Scrolls
 j - a scroll of blinking
 k - a scroll of enchant weapon {unknown}
Potions
 e - a potion of curing
 g - a potion of haste
 h - 2 potions of magic
 i - a potion of berserk rage
Books
 c - a book of Maledictions

   Spells                             Type                      Level
   a - Corona                         Hexes                        1
   b - Ensorcelled Hibernation        Hexes/Ice                    2
   c - Confuse                        Hexes                        3
   d - Tukima's Dance                 Hexes                        3
   e - Dazzling Spray                 Conjuration/Hexes            3
 m - a book of Burglary

   Spells                             Type                      Level
   a - Swiftness                      Charms/Air                   2
   b - Passwall                       Transmutation/Earth          3
   c - Passage of Golubria            Translocation                4
   d - Lee's Rapid Deconstruction     Earth                        5
   e - Darkness                       Hexes                        6
   f - Invisibility                   Hexes                        6
Comestibles
 d - a bread ration


   Skills:
 + Level 7.1 Short Blades
 * Level 13.1 Dodging
 * Level 14.4 Stealth
 * Level 11.3 Spellcasting
 + Level 4.4 Conjurations
 + Level 8.6 Hexes
 + Level 3.1 Transmutations
 + Level 4.7 Ice Magic
 + Level 2.2 Earth Magic
 + Level 2.4 Invocations


You had 3 spell levels left.
You knew the following spells:

 Your Spells              Type           Power        Failure   Level  Hunger
a - Corona                Hex            #####..      1%          1    None
b - Ensorcelled Hibernat  Hex/Ice        ####..       1%          2    None
c - Confuse               Hex            #####...     1%          3    None
d - Tukima's Dance        Hex            #####...     1%          3    None
e - Dazzling Spray        Conj/Hex       ####....     1%          3    None
f - Passwall              Trmt/Erth      ###.......   10%         3    None
g - Darkness              Hex            #####.....   38%         6    ######.
h - Invisibility          Hex            #####...     38%         6    ######.


Dungeon Overview and Level Annotations

Branches:
Dungeon (1/1)

Altars:
Cheibriados
Dithmenos
Elyvilon
Fedhas
Gozag
Kikubaaqudgha
Makhleb
Nemelex Xobeh
Okawaru
Qazlal
Ru
Sif Muna
Trog
Vehumet
Xom
Yredelemnul
Zin
The Shining One
Beogh
Jiyva
Lugonu

Shops:
D !=:!:}?[?[(=*%=[

Annotations:
D exclusions: oklob plant and orange crystal statue


Innate Abilities, Weirdness & Mutations

You are tiny and cannot use many weapons and most armour.
You have supernaturally acute eyesight.
You are a herbivore.
You cover ground extremely quickly.
You need consume almost no food.


Message History

The swamp drake completely misses you.
The crystal guardian closely misses you.
Unknown command.
Casting: Dazzling Spray
Confirm with . or Enter, or press ? or * to list all spells.
Aiming: Dazzling Spray
Press: ? - help, Shift-Dir - straight line, f - crystal guardian, p - swamp drake
Aim: a crystal guardian (lightly damaged, umbra)
The spray of energy hits the crystal guardian.
The crystal guardian is lightly damaged.
The spray of energy hits the swamp drake.
The swamp drake is heavily wounded.
The swamp drake is dazzled.
The crystal guardian fires a crystalline bolt at you.
The crystal bolt burns you!
Ouch! That really hurt!
* * * LOW HITPOINT WARNING * * *
The crystal bolt burns you!
Ouch! That really hurt!
You die... §§§z§## §zz§§§## z§z§§§§# z§zz≈≈ ... zz≈§ ... ## +#+++## ...#!## ......# ..#kk# #+##..# #.#k8# ...##.#### +.##@# )#..#....# #...#### ...####..## ##.^##.# ?[!!?

#'###.##..# +..#..#▓![!??[
#.##...#..# #..#)(#▓$?![[?)
.<.'##.+.§####..##(#▓?%!$([$
#.##...#....###...##▓▓▓▓▓▓▓+
#'###.##X.....≈≈≈≈≈≈≈≈≈≈≈≈≈
...####≈≈.....≈#+########+##


You could see 2 death drakes, a crystal guardian and a swamp drake (blind).

Vanquished Creatures
  A siren (D)
  A yaktaur (D)
  3 polar bears (D)
  Menkaure (D)
  A vampire mosquito (D)
  A wasp (D)
  A swamp drake (D)
  4 necrophages (D)
  4 brain worms (D)
  4 worker ants (D)
21 creatures vanquished.

Notes
Turn   | Place    | Note
--------------------------------------------------------------
     0 | D        | Kidiri the Spriggan Enchanter began the quest for the Orb.
     0 | D        | Reached XP level 1. HP: 9/9 MP: 5/5
     1 | D        | Noticed a siren
     4 | D        | Noticed a worker ant
     4 | D        | Noticed a worker ant
     4 | D        | Noticed a worker ant
     4 | D        | Noticed a worker ant
     7 | D        | Noticed a brain worm
     7 | D        | Noticed a brain worm
     7 | D        | Noticed a brain worm
     7 | D        | Noticed a brain worm
     9 | D        | Killed a brain worm
     9 | D        | Reached skill level 6 in Dodging
     9 | D        | Reached skill level 7 in Stealth
     9 | D        | Reached skill level 5 in Spellcasting
     9 | D        | Reached XP level 2. HP: 13/13 MP: 6/9
     9 | D        | Reached XP level 3. HP: 16/16 MP: 6/10
     9 | D        | Reached XP level 4. HP: 21/21 MP: 7/12
    89 | D        | Learned a level 2 spell: Ensorcelled Hibernation
    93 | D        | Learned a level 3 spell: Confuse
    97 | D        | Learned a level 3 spell: Tukima's Dance
   101 | D        | Learned a level 3 spell: Dazzling Spray
   104 | D        | Killed a brain worm
   104 | D        | Reached skill level 8 in Stealth
   104 | D        | Reached skill level 1 in Conjurations
   104 | D        | Reached skill level 5 in Hexes
   104 | D        | Reached skill level 1 in Ice Magic
   110 | D        | Killed a brain worm
   110 | D        | Reached skill level 9 in Stealth
   110 | D        | Reached XP level 5. HP: 24/24 MP: 1/15
   215 | D        | Killed a brain worm
   215 | D        | Reached skill level 10 in Stealth
   233 | D        | Killed a worker ant
   233 | D        | Reached XP level 6. HP: 28/28 MP: 13/17
   236 | D        | Killed a worker ant
   243 | D        | Killed a worker ant
   249 | D        | Killed a worker ant
   417 | D        | Noticed a necrophage
   417 | D        | Noticed a necrophage
   417 | D        | Noticed a necrophage
   417 | D        | Noticed a necrophage
   424 | D        | Killed a necrophage
   424 | D        | Reached skill level 5 in Short Blades
   424 | D        | Reached skill level 10 in Dodging
   424 | D        | Reached skill level 11 in Stealth
   425 | D        | Killed a necrophage
   425 | D        | Reached XP level 7. HP: 32/32 MP: 20/20
   432 | D        | Killed a necrophage
   434 | D        | Killed a necrophage
   434 | D        | Reached skill level 12 in Stealth
   463 | D        | Killed a siren
   463 | D        | Reached skill level 10 in Spellcasting
   463 | D        | Reached XP level 8. HP: 36/36 MP: 21/23
   477 | D        | Noticed a flying skull
   477 | D        | Noticed a flying skull
   477 | D        | Noticed a flying skull
   478 | D        | Noticed a flying skull
   479 | D        | Noticed a flying skull
   479 | D        | Noticed a flying skull
   479 | D        | Noticed a flying skull
   479 | D        | Noticed a flying skull
   479 | D        | Noticed a flying skull
   479 | D        | Noticed Menkaure
   480 | D        | Found Xutog's Jewellery Shoppe.
   480 | D        | Found Zynku's Antique Armour Emporium.
   481 | D        | Killed Menkaure
   481 | D        | Reached skill level 13 in Stealth
   483 | D        | Noticed a flying skull
   484 | D        | Noticed a flying skull
   497 | D        | Noticed an orange crystal statue
   502 | D        | Found Lirrimeb's Food Shoppe.
   503 | D        | Found Luostrax's Jewellery Emporium.
   504 | D        | Found Tivil's Antique Armour Shoppe.
   505 | D        | Noticed a vampire mosquito
   509 | D        | Killed a vampire mosquito
   725 | D        | Found Kutreose's Magic Scroll Shoppe.
   725 | D        | Found Roongoji's General Store.
   727 | D        | Found Goucri Mini's Antique Weapon Shoppe.
   727 | D        | Found Jumiq's Antique Armour Emporium.
   728 | D        | Found Qeirale's Magic Scroll Shoppe.
   728 | D        | Found Ypneecs's Gadget Emporium.
   732 | D        | Found Muuzxuti's Book Shoppe.
   732 | D        | Found Xakhicir's Distillery.
   732 | D        | Noticed an ice dragon
   732 | D        | Noticed an oklob plant
   733 | D        | Found Toreq's Jewellery Shoppe.
   733 | D        | Found Epiromiask's Distillery.
   733 | D        | Found Veanaed's Book Shoppe.
   734 | D        | Bought a glowing hat for 100 gold pieces
   739 | D        | Noticed a hell hog
   747 | D        | Noticed a yak
   750 | D        | Noticed a yak
   752 | D        | Noticed a hell hog
   753 | D        | Bought a book of Burglary for 825 gold pieces
   757 | D        | Noticed a yak
   757 | D        | Learned a level 3 spell: Passwall
   764 | D        | Learned a level 6 spell: Darkness
   771 | D        | Learned a level 6 spell: Invisibility
   798 | D        | Noticed a kraken
   807 | D        | Found a glowing silver altar of Zin.
   811 | D        | Found a bloodstained altar of Trog.
   811 | D        | Found a burning altar of Makhleb.
   811 | D        | Found a white marble altar of Elyvilon.
   812 | D        | Found a snail-covered altar of Cheibriados.
   813 | D        | Found a radiant altar of Vehumet.
   813 | D        | Found an ancient bone altar of Kikubaaqudgha.
   814 | D        | Found a deep blue altar of Sif Muna.
   814 | D        | Found a viscous altar of Jiyva.
   815 | D        | Found a shadowy altar of Dithmenos.
   815 | D        | Found a blossoming altar of Fedhas.
   816 | D        | Found a basalt altar of Yredelemnul.
   816 | D        | Found a corrupted altar of Lugonu.
   817 | D        | Found a shimmering altar of Xom.
   819 | D        | Found a glowing golden altar of the Shining One.
   819 | D        | Found an opulent altar of Gozag.
   819 | D        | Found an iron altar of Okawaru.
   819 | D        | Found a sparkling altar of Nemelex Xobeh.
   819 | D        | Noticed a wasp
   819 | D        | Noticed a polar bear
   820 | D        | Found a sacrificial altar of Ru.
   820 | D        | Found a roughly hewn altar of Beogh.
   820 | D        | Found a stormy altar of Qazlal.
   820 | D        | Noticed a yaktaur
   823 | D        | Noticed a crocodile
   825 | D        | Became a worshipper of Dithmenos the Shadowed
   832 | D        | Noticed a polar bear
   832 | D        | Noticed a polar bear
   833 | D        | Killed a polar bear
   833 | D        | Reached skill level 1 in Transmutations
   833 | D        | Reached skill level 1 in Earth Magic
   833 | D        | Reached skill level 1 in Invocations
   834 | D        | Killed a polar bear
   838 | D        | Killed a wasp
   850 | D        | Killed a yaktaur
   850 | D        | Reached skill level 14 in Stealth
   858 | D        | Killed a polar bear
   858 | D        | Reached XP level 9. HP: 28/39 MP: 9/25
   982 | D        | Noticed a swamp drake
   985 | D        | Noticed a death drake
   990 | D        | Noticed a death drake
   990 | D        | Noticed a crystal guardian
   990 | D        | Noticed a swamp drake
   991 | D        | Killed a swamp drake
   991 | D        | Acquired Dithmenos's first power
   993 | D        | Killed from afar by a crystal guardian

Vault maps used:
D:        the_violet_keep_of_menkaure

Action                   |  1- 3 |  4- 6 |  7- 9 || total
-------------------------+-------+-------+-------++-------
Melee: Dagger            |     1 |    12 |    23 ||    36
 Cast: Ensorcelled Hiber |       |    10 |     3 ||    13
       Confuse           |       |       |     3 ||     3
       Dazzling Spray    |       |       |     3 ||     3
       Invisibility      |       |       |     2 ||     2
  Use: Potion            |       |       |     1 ||     1
 Stab: Sleeping          |     1 |     9 |     6 ||    16
       Invisible         |       |       |     5 ||     5
       Confused          |       |       |     2 ||     2
